 Dungeon Sprint DCSS version 0.28-a0-1236-gb25a51b929 (webtiles) character file.

Game seed: 1505822976277928421

1388 rocky1 the Spear-Bearer (level 8, -6/79 HPs)
             Began as a Minotaur Gladiator on Dec 26, 2021.
             Was a Believer of Okawaru.
             Mangled by a bog body (26 damage)
             ... in the Dungeon (Sprint VII: "The Pits").
             The game lasted 00:06:07 (727 turns).

rocky1 the Spear-Bearer (Minotaur Gladiator)         Turns: 727, Time: 00:06:08

Health: -6/79      AC: 16    Str: 20    XL:     8   Next: 40%
Magic:  10/11      EV: 13    Int:  7    God:    Okawaru [**....]
Gold:   0          SH:  0    Dex: 11    Spells: 7/7 levels left

rFire   . . .      SeeInvis .   r - +1 trident (vorpal)
rCold   . . .      Faith    .   (no shield)
rNeg    . . .      Spirit   .   p - +3 chain mail
rPois   .          Reflect  .   c - +0 hat
rElec   .          Harm     .   (no cloak)
rCorr   .          Rampage  .   (no gloves)
Will    .....      NoTele   +   (no boots)
Stlth   ..........              (no amulet)
HPRegen 0.23/turn               (no ring)
MPRegen 0.12/turn               (no ring)

@: heroic
A: horns 2, retaliatory headbutt
a: Renounce Religion, Heroism


You were in the Dungeon.
You worshipped Okawaru.
Okawaru was pleased with you.
You visited 1 branch

Inventory:

Hand Weapons
 q - a +0 long sword of holy wrath
 r - a +1 vorpal trident (weapon)
Missiles
 d - 3 throwing nets (quivered)
 o - 2 poisoned darts
Armour
 b - a +0 leather armour
 c - a +0 hat (worn)
 p - a +3 chain mail (worn)
Scrolls
 j - a scroll of blinking
 l - 5 scrolls of amnesia
 m - a scroll of summoning
Potions
 e - 6 potions of curing
 f - 6 potions of heal wounds
 g - a potion of haste
 h - 4 potions of magic
 i - 3 potions of berserk rage
 k - 2 potions of invisibility


   Skills:
 + Level 10.1(15.1) Fighting
 + Level 13.1(18.1) Polearms
 - Level 2.0(7.0) Throwing
 + Level 9.7(14.7) Armour
 + Level 9.6(14.6) Dodging
 - Level 6.1 Invocations


You had 7 spell levels left.
You didn't know any spells.
Your spell library was empty.

Dungeon Overview and Level Annotations

Branches:
Dungeon (1/1)

Altars:
Ashenzari
Cheibriados
Dithmenos
Elyvilon
Fedhas
Gozag
Hepliaklqana
Kikubaaqudgha
Makhleb
Nemelex Xobeh
Okawaru
Qazlal
Ru
Sif Muna
Trog
Uskayaw
Vehumet
Wu Jian
Xom
Yredelemnul
Zin
The Shining One
Beogh
Jiyva
Lugonu


Innate Abilities, Weirdness & Mutations

You have a pair of horns on your head.
You reflexively headbutt those who attack you in melee.


Message History

You hit the redback.
The redback is almost dead.
The redback closely misses you.
You hit the redback but do no damage. Your headbutt misses the redback.
The redback is almost dead.
The redback bites you!
You are too injured to fight recklessly!
You are too injured to fight recklessly!
You are too injured to fight recklessly!
You hit the redback.
You kill the redback!
Okawaru accepts your kill.
Your base Fighting skill increases to level 10!
Your base Polearms skill increases to level 13!
Unknown command.
You are too injured to fight recklessly!
Reach: r) +1 trident (vorpal)
Press: ? - help, Dir - move target, f - bog body
Aim: a bog body (about 26% to evade your +1 vorpal trident)
You reach to attack!
You hit the bog body.
The bog body is lightly damaged.
You hit the bog body.
The bog body is lightly damaged.
The bog body barely misses you.
You closely miss the bog body.
The bog body is lightly damaged.
You barely miss the bog body. Your punch misses the bog body.
The bog body is lightly damaged.
The bog body closely misses you.
You puncture the bog body!
The bog body is heavily damaged.
The bog body touches you but does no damage.
You barely miss the bog body.
The bog body is heavily damaged.
You puncture the bog body! Your headbutt misses the bog body.
The bog body is severely damaged.
The bog body touches you!
* * * LOW HITPOINT WARNING * * *
The bog body freezes you!!
You die...

#.##)#..#'###...<...#
#.#..†.....##.......#
#)#........##.......#
#)###########.......#
#.......#..##########
#..#.#..#)# ###
#.##.##.#.# ...#
#.......#)#....#
#.##.##.#@n....+
#..#.#..#÷#....#
#.......'.# ...#
########### ###


You could see a bog body.

Vanquished Creatures
  A redback (D)
  2 fire bats (D)
  A basilisk (D)
  3 floating eyes (D)
  A sky beast (D)
  An ogre (D)
  A centaur (D)
  A kobold brigand (D)
  A scorpion (D)
  3 orc priests (D)
  An iron imp (D)
  An orc wizard (D)
  A river rat (D)
  3 orcs (D)
  A bat (D)
  A giant cockroach (D)
  A hobgoblin (D)
  A quokka (D)
  A kobold (D)
  A rat (D)
27 creatures vanquished.

Notes
Turn   | Place    | Note
-------+----------+-------------------------------------------
     0 | D        | rocky1 the Minotaur Gladiator began the quest for the Orb.
     0 | D        | Reached XP level 1. HP: 18/18 MP: 0/0
    11 | D        | Noticed a floating eye
    14 | D        | Killed a floating eye
    15 | D        | Reached skill level 5 in Fighting
    15 | D        | Reached skill level 6 in Polearms
    15 | D        | Reached skill level 5 in Armour
    15 | D        | Reached skill level 5 in Dodging
    15 | D        | Reached XP level 2. HP: 30/30 MP: 1/1
    15 | D        | Reached XP level 3. HP: 37/37 MP: 2/2
    15 | D        | Reached XP level 4. HP: 44/44 MP: 3/3
    49 | D        | Found a bloodstained altar of Trog.
    49 | D        | Found a shimmering blue altar of Sif Muna.
    49 | D        | Found a viscous altar of Jiyva.
    49 | D        | Found a hazy altar of Hepliaklqana.
    49 | D        | Found an opulent altar of Gozag.
    50 | D        | Found a glowing golden altar of the Shining One.
    50 | D        | Found a glowing silver altar of Zin.
    50 | D        | Found a basalt altar of Yredelemnul.
    50 | D        | Found a shimmering altar of Xom.
    50 | D        | Found an ornate altar of the Wu Jian Council.
    50 | D        | Found a sacrificial altar of Ru.
    50 | D        | Found a stormy altar of Qazlal.
    50 | D        | Found an iron altar of Okawaru.
    50 | D        | Found a sparkling altar of Nemelex Xobeh.
    50 | D        | Found a burning altar of Makhleb.
    50 | D        | Found a blossoming altar of Fedhas.
    50 | D        | Found a white marble altar of Elyvilon.
    50 | D        | Found a shadowy altar of Dithmenos.
    50 | D        | Found a snail-covered altar of Cheibriados.
    53 | D        | Found a corrupted altar of Lugonu.
    53 | D        | Found a radiant altar of Vehumet.
    54 | D        | Found an ancient bone altar of Kikubaaqudgha.
    54 | D        | Found a hide-covered altar of Uskayaw.
    54 | D        | Found a broken altar of Ashenzari.
    58 | D        | Became a worshipper of Warmaster Okawaru
   158 | D        | Noticed a kobold brigand
   158 | D        | Noticed a floating eye
   162 | D        | Paralysed by a floating eye for 4 turns
   163 | D        | Reached skill level 1 in Invocations
   167 | D        | Killed a floating eye
   168 | D        | Reached skill level 10 in Polearms
   168 | D        | Reached XP level 5. HP: 49/50 MP: 4/4
   173 | D        | Reached XP level 6. HP: 43/58 MP: 4/6
   321 | D        | Noticed a fire bat
   328 | D        | Killed a fire bat
   329 | D        | Reached skill level 11 in Polearms
   333 | D        | Reached * piety under Okawaru
   336 | D        | Reached XP level 7. HP: 40/68 MP: 6/9
   343 | D        | Reached skill level 12 in Polearms
   353 | D        | Reached skill level 5 in Invocations
   489 | D        | Noticed a basilisk
   494 | D        | Killed a basilisk
   580 | D        | Reached ** piety under Okawaru
   580 | D        | Paralysed by a floating eye for 3 turns
   587 | D        | Reached XP level 8. HP: 77/78 MP: 11/11
   710 | D        | Noticed a bog body
   721 | D        | Reached skill level 10 in Fighting
   721 | D        | Reached skill level 13 in Polearms
   727 | D        | Mangled by a bog body

Illustrated notes

Levels and vault maps discovered:
D:        pitsprint [storerooms_1, entrance_room_1, metal_vault_1, armoury_2,
          mini_pit_1, grid_room_1, main_hall_1, silver_pit, the_coven_1,
          the_vestibule_1, steel_vault_5, golden_pit, hallway_of_sentries,
          crystal_vault_5, iron_vault_5, final_vault]

Skill      XL: |  1  2  3  4  5  6  7  8 |
---------------+-------------------------+-----
Fighting       | 5 6 8 9 10 | 10.1
Polearms       | 6 10 11 12 13 | 13.1
Armour         | 5 7 9 |  9.7
Dodging        | 5 6 7 9 |  9.6
Invocations    | 1 2 4 6 |  6.1
Throwing       | |  2.0

Action                   |  1- 3 |  4- 6 |  7- 9 || total
-------------------------+-------+-------+-------++-------
Melee: Trident           |     2 |    37 |    47 ||    86
       Headbutt          |     2 |     6 |     6 ||    14
Invok: Heroism           |       |       |     1 ||     1
Armor: Leather armour    |       |     3 |       ||     3
       Chain mail        |       |     6 |    11 ||    17
Dodge: Dodged            |       |    14 |     8 ||    22

Table legend: (Time is in decaauts)
 A = Elapsed time spent in this place.
 B = Non-inter-level travel time spent in this place.
 C = Inter-level travel time spent in this place.
 D = Time resting spent in this place.
 E = Time spent auto-exploring this place.
 F = Levels seen in this place.
 G = Mean time per level.
                   A        B        C        D        E       F      G
               +--------+--------+--------+--------+--------+-----+--------+
         Total |    706 |    685 |     21 |    428 |      0 |   1 |  706.0 |
       Dungeon |    706 |    685 |     21 |    428 |      0 |   1 |  706.0 |
               +--------+--------+--------+--------+--------+-----+--------+

Top non-repeatable levels by time:
       D: 706 daAuts
